 Dungeon Crawl Stone Soup version 0.22-a0-855-g415d086bb8 (webtiles) character file.

66 IcyTea the Cudgeler (level 3, -5/27 HPs)
             Began as a Demonspawn Warper on July 27, 2018.
             Slain by a worm (9 damage)
             ... on level 3 of the Dungeon.
             The game lasted 00:08:18 (2906 turns).

IcyTea the Cudgeler (Demonspawn Warper)             Turns: 2906, Time: 00:08:18

Health: -5/27      AC:  4    Str: 11    XL:     3   Next: 96%
Magic:  6/6        EV: 11    Int: 15    God:
Gold:   71         SH:  0    Dex: 12    Spells: 1/6 levels left

rFire    . . .     SeeInvis .   a - +0 mace
rCold    . . .     Gourm    .   (no shield)
rNeg     . . .     Faith    .   b - +0 leather armour
rPois    .         Spirit   .   (no helmet)
rElec    .         Reflect  .   (no cloak)
rCorr    .         Harm     .   (no gloves)
MR       .....                  t - +0 pair of boots
Stlth    +.........             (no amulet)
HPRegen  0.09/turn              (no ring)
MPRegen  0.10/turn              (no ring)

@: no status effects
A: powered by pain 1
a: no special abilities


You were on level 3 of the Dungeon.
You were very hungry.

You visited 1 branch of the dungeon, and saw 3 of its levels.

You collected 71 gold pieces.

Inventory:

Hand Weapons
 a - a +0 mace (weapon)
Missiles
 e - 5 tomahawks of dispersal (quivered)
 o - 11 arrows
Armour
 b - a +0 leather armour (worn)
 c - a +1 scale mail
 t - a +0 pair of boots (worn)
Scrolls
 d - a scroll of blinking
 j - 3 scrolls of identify
 k - a scroll of remove curse
 l - a scroll of immolation
 n - a scroll of teleportation {unknown}
 p - a scroll of enchant armour
 q - a scroll of fog {unknown}
 r - a scroll of fear {unknown}
 v - 3 scrolls of magic mapping {unknown}
Potions
 g - 2 potions of lignification
 h - a potion of cancellation
 i - a potion of haste {unknown}
 m - 2 potions of curing {unknown}
 u - a potion of flight {unknown}
Comestibles
 f - 3 rations


   Skills:
 - Level 2.0 Fighting
 + Level 3.9 Maces & Flails
 - Level 0.8 Throwing
 - Level 0.8 Armour
 - Level 1.7 Dodging
 - Level 2.0 Spellcasting
 - Level 2.6 Translocations


You had one spell level left.
You knew the following spells:

 Your Spells              Type           Power        Failure   Level  Hunger
a - Blink                 Tloc           N/A          14%         2    ###....
b - Teleport Other        Tloc           #.......     28%         3    ###....

Your spell library contained the following spells:

 Spells                   Type           Power        Failure   Level  Hunger
 Passage of Golubria      Tloc           N/A          67%         4    #####..
 Shroud of Golubria       Chrm/Tloc      #.........   26%         2    ###....
 Gell's Gravitas          Tloc           #.........   28%         3    ###....
 Lesser Beckoning         Tloc           #.........   28%         3    ###....


Dungeon Overview and Level Annotations

Branches:
Dungeon (3/15)

Altars:
Nemelex Xobeh
Ru
Uskayaw


Innate Abilities, Weirdness & Mutations

You sometimes gain a little power by taking damage.


Message History

There is a stone staircase leading up here.
A worm comes into view.
You hit the worm.
The worm is moderately wounded.
The worm barely misses you.
You hit the worm.
The worm is heavily wounded.
The worm barely misses you.
Found 18 arrows.
The worm bites you!
* * * LOW HITPOINT WARNING * * *
You hit the worm but do no damage.
The worm is heavily wounded.
The worm bites you but does no damage.
You barely miss the worm.
The worm is moderately wounded.
You barely miss the worm.
The worm is moderately wounded.
The worm bites you!
You die...

########
#...<..#
#....#.#
####.#.#
#......#.#
#.@w.....#
#..#######
#..# #..#
#..# #.(#
#..# #..#


You could see a worm.

Vanquished Creatures
  2 adders
  An ooze (D:1)
  2 worms
  2 dart slugs (D:1)
  4 leopard geckos
  A giant cockroach (D:2)
  A goblin (D:1)
  A hobgoblin (D:1)
  3 jackals
  4 kobolds
  A ball python (D:3)
  4 bats
  2 frilled lizards (D:1)
  5 rats
33 creatures vanquished.

Notes
Turn   | Place    | Note
-------+----------+-------------------------------------------
     0 | D:1      | IcyTea the Demonspawn Warper began the quest for the Orb.
     0 | D:1      | Reached XP level 1. HP: 16/16 MP: 3/3
    71 | D:1      | Reached skill level 2 in Maces & Flails
   301 | D:1      | Gained mutation: You sometimes gain a little power by taking damage. [demonic ancestry]
   301 | D:1      | Reached XP level 2. HP: 3/22 MP: 5/5
  1287 | D:1      | Reached skill level 3 in Maces & Flails
  1921 | D:2      | Reached XP level 3. HP: 27/27 MP: 6/6
  1925 | D:2      | Learned a level 2 spell: Blink
  1929 | D:2      | Learned a level 3 spell: Teleport Other
  1949 | D:2      | Found a sparkling altar of Nemelex Xobeh.
  2284 | D:2      | Found a sacrificial altar of Ru.
  2327 | D:2      | Found a hide-covered altar of Uskayaw.
  2906 | D:3      | Slain by a worm

Vault maps used:
D:1:      evilmike_arrival_fibonacci_small
D:2:      lemuel_round_altar, old_standard_altar, overflow_temple_1_default
D:3:      cheibrodos_helix_gallery, gup_sewer_entry_pipe

Skill      XL: |  1  2 |
---------------+-------+-----
Maces & Flails | 2 3 |  3.9
Fighting       | |  2.0
Throwing       | |  0.8
Armour         | |  0.8
Dodging        | |  1.7
Spellcasting   | |  2.0
Translocations | |  2.6

Action                   || total
-------------------------++-------
Melee: Mace              ||   161
 Cast: Blink             ||     1
  Use: Scroll            ||     4
       Potion            ||     1
 Stab: Sleeping          ||     1
  Eat: Chunk             ||     2
       Ration            ||     1
Armor: Leather armour    ||    63
Dodge: Dodged            ||   137

Table legend:
 A = Spawn XP
 B = Non-spawn XP
 C = Spawn XP percentage of total XP
 D = Spawn monster count
 E = Non-spawn monster count
 F = Spawn count percentage of total count
 G = Total turns spent on level
                    A         B        C        D         E        F      G
               +---------+---------+-------+---------+---------+-------+---------
         Total |       0 |      95 |   0.0 |       0 |      33 |   0.0 |  2906
               +---------+---------+-------+---------+---------+-------+---------
           D:1 |       0 |      39 |   0.0 |       0 |      18 |   0.0 |  1876
           D:2 |       0 |      22 |   0.0 |       0 |       4 |   0.0 |   710
           D:3 |       0 |      34 |   0.0 |       0 |      11 |   0.0 |   320
               +---------+---------+-------+---------+---------+-------+---------
